 Dungeon Crawl Stone Soup version 0.31.0-12-g77e489cdc1 (webtiles) character file.

Game seed: 18332571432492846605

909 Killerpretzel the Changeling (level 8, -1/54 HPs)
             Began as an Octopode Shapeshifter on Feb 13, 2024.
             Slain by a steam dragon (4 damage)
             ... on level 6 of the Dungeon.
             The game lasted 00:08:03 (4567 turns).

Killerpretzel the Changeling (OpSh)                 Turns: 4567, Time: 00:08:03

Health: -1/54      AC:  1    Str: 13    XL:     8   Next: 8%
Magic:  8/8        EV: 14    Int: 13    God:
Gold:   199        SH:  0    Dex: 13    Spells: 7/7 levels left

rFire   . .          .
                       - Unarmed
rCold   . . .        (no shield)
rNeg    . . .        (helmet currently unavailable)
rPois   .            (no amulet)
rElec   .            (no ring)
rCorr   .            (no ring)
SInv    .            (no ring)
Will    .....        (no ring)
Stlth   ++           (no ring)
HPRegen 0.29/turn    (no ring)
MPRegen 0.11/turn    (no ring)
                     (no ring)

%: no passive effects
@: beast-form
A: beast (slay +3), almost no armour, amphibious, 8 rings, camouflage 1,
gelatinous body 1, (nimble swimmer 1), tentacles
a: Begin Untransformation


You were on level 6 of the Dungeon.
You were a hulking beast.
You visited 1 branch of the dungeon, and saw 6 of its levels.

You collected 199 gold pieces.

Inventory:

Missiles
 j - 6 javelins (quivered)
 k - 7 boomerangs
Talismans
 b - a beast talisman
 c - a flux talisman
Scrolls
 d - 3 scrolls of immolation
 e - a scroll of amnesia
 f - 2 scrolls of identify
 g - 2 scrolls of poison
 m - 3 scrolls of fear
Potions
 a - a potion of lignification
 h - a potion of curing
 i - a potion of ambrosia
 l - a potion of berserk rage
 n - a potion of haste
 o - 2 potions of heal wounds
 p - 2 potions of invisibility


   Skills:
 + Level 3.9 Fighting
 + Level 4.4 Dodging
 + Level 4.9 Unarmed Combat
 * Level 6.0 Shapeshifting


You had 7 spell levels left.
You didn't know any spells.
Your spell library contained the following spells:

 Spells                   Type           Power      Damage    Failure   Level
 Gell's Gravitas          Tloc           0%         N/A       67%         3
 Teleport Other           Tloc           0%         N/A       67%         3
 Dispersal                Tloc           0%         N/A       100%        6


Dungeon Overview and Level Annotations

Branches:
Dungeon (6/15)
 Temple: D:4-7

Altars:
Cheibriados
Hepliaklqana
Okawaru
Xom
The Shining One

Shops:
D:5 [

Annotations:
D:4 1 runed translucent door, exclusion: door, ioannis32's ghost, novice GrRe


Innate Abilities, Weirdness & Mutations

You are a hulking beast.
Your limbs bulge with bestial killing power. (Slay +3)
You cannot wear most types of armour.
You are amphibious.
You can wear up to eight rings at the same time.
Your skin changes colour to match your surroundings (Stealth+).
Your rubbery body absorbs attacks. (AC +1, EV +1)
((You are camouflaged when in or above water. (Stealth+)))
You have tentacles for arms and can constrict up to eight enemies at once.


Message History

No target in view!
No target in view!
No target in view!
No target in view!
No target in view!
No target in view!
d - 3 scrolls of immolation (gained 1)
A steam dragon comes into view.
The helpless steam dragon fails to defend itself.
You tentacle-slap the steam dragon but do no damage.
Your squeeze misses the steam dragon. The steam dragon bites you.
The steam dragon claws you.
You tentacle-slap the steam dragon. Your squeeze misses the steam dragon.
The steam dragon is lightly wounded.
You tentacle-slap the steam dragon.
You squeeze the steam dragon, but do no damage.
The steam dragon is lightly wounded.
The steam dragon closely misses you. The steam dragon misses you.
You tentacle-slap the steam dragon.
The steam dragon is moderately wounded.
The steam dragon closely misses you. The steam dragon claws you.
You tentacle-slap the steam dragon.
The steam dragon is moderately wounded.
The steam dragon breathes steam at you. The ball of steam hits you!
You closely miss the steam dragon.
The steam dragon is moderately wounded.
You are engulfed in a cloud of scalding steam.
The steam dragon bites you! The steam dragon barely misses you.
You are engulfed in a cloud of scalding steam.
* * * LOW HITPOINT WARNING * * *
The steam dragon closely misses you. x2
The steam dragon bites you.
* * * LOW HITPOINT WARNING * * *
The steam dragon completely misses you.
You completely miss the steam dragon.
The steam dragon is moderately wounded.
A black bear comes into view.
The steam dragon bites you.
You die...

#### .h.. .####
#..... ..###+# #
#..##.##.#8#.#8# ..
#...........[.#
...#..#.# #h.....#
>.....#.###.D....# ..
#........######
#.##.##.#####
#^##.##.#####
###.##>.......#######
.....................
##.##..##.##.#######
####.##.....##.#


You could see a steam dragon (catching breath) and a black bear (wandering).

Vanquished Creatures
  A water moccasin (D:6)
  A black bear (D:5)
  A phantom (D:6)
  A hound (D:6)
  A sleepcap (D:6)
  A gnoll bouda (D:5)
  3 iguanas (D:5)
  Terence (D:2)
  Natasha (thrice) (D:2)
  3 orc wizards
  Robin (D:2)
  8 adders
  8 gnolls
  2 ribbon worms (D:4)
  12 dart slugs
  11 orcs
  4 ball pythons
  7 endoplasms
  3 giant cockroaches
  15 goblins
  9 hobgoblins
  6 jackals
  8 kobolds
  4 quokkas
  4 bats (D:2)
  A frilled lizard (D:3)
  3 rats
122 creatures vanquished.

Vanquished Creatures (others)
  A white imp (D:6)
1 creature vanquished.

Grand Total: 123 creatures vanquished

Notes
Turn   | Place    | Note
-------+----------+-------------------------------------------
     0 | D:1      | Killerpretzel the Octopode Shapeshifter began the quest for
                  | the Orb.
     0 | D:1      | Reached XP level 1. HP: 13/13 MP: 1/1
    60 | D:1      | Reached XP level 2. HP: 12/18 MP: 2/2
   604 | D:2      | Reached XP level 3. HP: 23/23 MP: 3/3
   625 | D:2      | Noticed Robin
   642 | D:2      | Killed Robin
   815 | D:2      | Reached XP level 4. HP: 27/29 MP: 4/4
   839 | D:2      | Found a faded altar of an unknown god.
   932 | D:2      | Noticed Natasha
   942 | D:2      | Killed Natasha
  1026 | D:2      | Noticed Natasha
  1027 | D:2      | Noticed Terence
  1033 | D:2      | Killed Natasha
  1034 | D:2      | Reached skill level 4 in Shapeshifting
  1034 | D:2      | Reached XP level 5. HP: 26/34 MP: 5/5
  1041 | D:2      | Killed Terence
  1200 | D:2      | Noticed Natasha
  1496 | D:2      | Killed Natasha
  1576 | D:3      | Reached XP level 6. HP: 41/41 MP: 6/6
  1717 | D:3      | Found an iron altar of Okawaru.
  1758 | D:3      | Found a glowing golden altar of the Shining One.
  2655 | D:4      | Found a runed translucent door.
  2744 | D:4      | Reached skill level 5 in Shapeshifting
  2911 | D:4      | Noticed ioannis32's ghost (novice GrRe)
  3145 | D:5      | Entered Level 5 of the Dungeon
  3164 | D:5      | Found a hazy altar of Hepliaklqana.
  3202 | D:5      | Noticed a black bear
  3207 | D:5      | Killed a black bear
  3208 | D:5      | Reached XP level 7. HP: 34/46 MP: 7/7
  3617 | D:5      | Found a snail-covered altar of Cheibriados.
  3654 | D:5      | Found Kiyrr's Antique Armour Emporium.
  3748 | D:5      | Found a shimmering altar of Xom.
  4292 | D:6      | Noticed a steam dragon
  4412 | D:6      | Reached XP level 8. HP: 36/54 MP: 8/8
  4529 | D:6      | Reached skill level 6 in Shapeshifting
  4566 | D:6      | HP: 2/54 [steam dragon (1)]
  4567 | D:6      | Slain by a steam dragon

Illustrated notes

Levels and vault maps discovered:
D:1:      dpeg_arrival_round_c, layout_rooms, minmay_misc_feat_plants,
          bh_walls_and_bars
D:2:      layout_loops_cross, basic_ecumenical_altar, uniq_robin, uniq_natasha,
          uniq_terence
D:3:      layout_loops_ring, jmf_multi_god_temple2
D:4:      kennysheep_slugbush, layout_loops_ring, ebering_ghost_reflecting_pool
D:5:      layout_cave_pods, nicolae_overflow_hidden_temple,
          regret_index_xom_buried_treasure, kennysheep_slug_shrine,
          serial_shops, nicolae_lakefront_shop
D:6:      layout_loops_cross, lemuel_mausoleum_altar_yredelemnul,
          minmay_temple_entry_proselytizer, serial_bayou, serial_bayou_lagoon_a,
          serial_bayou_shore_a, serial_bayou_crossing, serial_bayou_pond_d,
          lemuel_flame_loot_1

Skill      XL: |  1  2  3  4  5  6  7  8 |
---------------+-------------------------+-----
Fighting       | 2 3 |  3.9
Shapeshifting  | 4 5 6 |  6.0
Dodging        | 3 4 |  4.4
Unarmed Combat | 4 |  4.9

Action                     |  1- 3 |  4- 6 |  7- 9 || total
---------------------------+-------+-------+-------++-------
  Melee: Unarmed           |    69 |   139 |    60 ||   268
         Constrict         |    18 |    41 |    16 ||    75
         Tentacles         |     8 |    30 |    15 ||    53
         Punch             |     1 |     5 |     5 ||    11
    Use: Scroll            |     5 |     3 |     5 ||    13
         Potion            |       |     1 |       ||     1
   Stab: Sleeping          |     4 |    14 |     4 ||    22
         Distracted        |     2 |       |       ||     2
 Armour: Skin              |    21 |    53 |    27 ||   101
  Dodge: Dodged            |    28 |    69 |    31 ||   128
